 Dungeon Crawl Stone Soup version 0.22-a0-443-g17c3723 (webtiles) character file.

1045 Gorglomux the Skirmisher (level 8, -17/52 HPs)
             Began as a Gargoyle Berserker on June 1, 2018.
             Was a Priest of Trog.
             Demolished by a two-headed ogre
             ... wielding a +0 giant spiked club
              (25 damage)
             ... on level 6 of the Dungeon.
             The game lasted 00:03:16 (3715 turns).

Gorglomux the Skirmisher (Gargoyle Berserker)       Turns: 3715, Time: 00:03:17

Health: -17/52     AC: 16    Str: 23    XL:     8   Next: 25%
Magic:  8/8        EV:  6    Int:  8    God:    Trog [***...]
Gold:   208        SH:  9    Dex:  9    Spells: 7/7 levels left

rFire    . . .     SeeInvis .   X - +0 war axe
rCold    + + .     Gourm    .   T - +0 shield {rN+}
rNeg     + + .     Faith    .   r - +0 chain mail {rC+}
rPois    ∞         Spirit   .   (no helmet)
rElec    +         Reflect  .   V - +0 cloak
rCorr    .         Harm     .   (no gloves)
MR       .....                  (no boots)
Stlth    ..........             (no amulet)
HPRegen  0.17/turn              c - ring of protection from cold
MPRegen  0.11/turn              l - ring of flight

@: berserk cooldown, slowed, very slow
A: negative energy resistance 1, electricity resistance, unbreathing,
petrification resistance, rot immunity, AC +5
a: Berserk, Trog's Hand, Renounce Religion, Evoke Flight


You were on level 6 of the Dungeon.
You worshipped Trog.
Trog was most pleased with you.
You were not hungry.

You visited 1 branch of the dungeon, and saw 6 of its levels.

You collected 208 gold pieces.

Inventory:

Hand Weapons
 a - a +0 hand axe
 X - a +0 war axe (weapon)
Armour
 b - a +0 animal skin
 r - a +0 chain mail of cold resistance (worn)
 T - a +0 shield of positive energy (worn)
 V - a +0 cloak (worn)
Jewellery
 c - a ring of protection from cold (left hand)
 l - a ring of flight (right hand)
Wands
 E - a wand of enslavement (10)
Scrolls
 q - 3 scrolls of fog {unknown}
 O - a scroll of remove curse {unknown}
 P - a scroll of random uselessness {unknown}
 R - 4 scrolls of identify
 U - 2 scrolls of enchant weapon {unknown}
 W - 4 scrolls of teleportation {unknown}
 Y - a scroll of blinking {unknown}
 Z - a scroll of immolation
Potions
 e - a potion of resistance
 f - 2 potions of heal wounds
 p - 2 potions of mutation {!q}
 Q - a potion of curing
 S - 2 potions of degeneration {unknown}
Comestibles
 i - 5 rations
 N - a chunk of flesh


   Skills:
 + Level 6.3 Fighting
 + Level 5.2 Axes
 + Level 5.8 Armour
 - Level 1.5 Dodging
 + Level 3.8 Shields


You had 7 spell levels left.
You didn't know any spells.
Your spell library was empty.

Dungeon Overview and Level Annotations

Branches:
Dungeon (6/15)             Temple (0/1) D:5

Altars:
Uskayaw


Innate Abilities, Weirdness & Mutations

You are resistant to torment.
Your stone body is resilient. (AC +5)
You are immune to poison.
You resist negative energy. (rN+)
You are resistant to electric shocks. (rElec)
You can survive without breathing.
You are immune to petrification.
You are immune to rotting.


Message History

A two-headed ogre is nearby!!!
A butt-headed ogre is nearby!!!
Unknown command!
A two-headed ogre is nearby!!!
The butt-headed butt shouts in stereo!!!
A crimson imp comes into view!
Found a stone staircase leading up!
You see here 11 gold pieces!
Found a stone butt leading down!
The two-headed ogre hits you with a giant spiked club!!!
The two-headed ogre hits you but does no damage!
The crimson imp blinks!!!
You block the two-headed ogre's attack! The two-headed ogre barely misses you!
You hear the brisk hiss of a distant avalanche of sand!
The two-headed ogre hits you with a giant spiked club!!!
The two-headed butt hits you with a butt club!!! * * * don't die
* * * The crimson imp laughs crazily!
The butt-headed ogre hits you with a giant spiked club!!!!!! rip

#.# #+ ######.# #.#
#....#.#
.##.#####.##.#.####
............$.....#
.##.....?.?.##.##.#
................#.#
..............5.#O##
......).........@..#
.#..##.(.....)#.#.<.#
.#.>............###.#
....##............ .#
)#####..?.[...#### ##
.# #.####...# .# #.?
#.### ## ### #.#


You could see a two-headed ogre and a crimson imp.

Vanquished Creatures
  Duvessa (D:6)
  An ogre (D:6)
  2 scorpions
  Dowan (D:6)
  2 crimson imps
  2 hounds
  A jelly (D:5)
  2 orc wizards (D:5)
  An orc priest (D:5)
  2 bullfrog skeletons
  A gnoll shaman (D:5)
  A centaur skeleton (D:4)
  Ijyb (D:5)
  Natasha (thrice) (D:3)
  2 worker ants (D:4)
  A killer bee zombie (D:5)
  A hound skeleton (D:6)
  A worker ant zombie (D:6)
  9 adders
  An adder skeleton (D:4)
  2 worms
  3 dart slugs
  3 leopard geckos
  12 orcs
  A giant cockroach (D:1)
  4 goblins
  2 hobgoblins (D:1)
  3 jackals
  A quokka (D:5)
  2 bats
  A frilled lizard (D:2)
  5 kobolds
  A leopard gecko zombie (D:5)
  A quokka zombie (D:6)
  6 rats
83 creatures vanquished.

Notes
Turn   | Place    | Note
-------+----------+-------------------------------------------
     0 | D:1      | Gorglomux the Gargoyle Berserker began the quest for the Orb.
     0 | D:1      | Reached XP level 1. HP: 14/14 MP: 1/1
   149 | D:1      | Reached XP level 2. HP: 16/19 MP: 2/2
   530 | D:1      | You fall through a shaft!
   548 | D:2      | Reached skill level 3 in Axes
   696 | D:2      | HP: 1/20 [worm (4)]
   706 | D:2      | Reached XP level 3. HP: 2/24 MP: 3/3
  1074 | D:3      | Noticed Natasha
  1090 | D:3      | Killed Natasha
  1090 | D:3      | Reached skill level 4 in Fighting
  1090 | D:3      | Reached skill level 3 in Armour
  1136 | D:3      | Noticed Natasha
  1150 | D:3      | Killed Natasha
  1150 | D:3      | Reached XP level 4. HP: 12/29 MP: 4/4
  1390 | D:3      | Noticed Natasha
  1403 | D:3      | Killed Natasha
  1498 | D:3      | Reached ** piety under Trog
  1500 | D:3      | Reached XP level 5. HP: 7/34 MP: 5/5
  1956 | D:4      | Reached XP level 6. HP: 35/40 MP: 6/6
  2043 | D:4      | Reached skill level 5 in Fighting
  2272 | D:4      | Reached skill level 1 in Shields
  2378 | D:5      | Entered Level 5 of the Dungeon
  2838 | D:5      | Reached XP level 7. HP: 44/44 MP: 7/7
  2849 | D:5      | Noticed Ijyb
  2858 | D:5      | Killed Ijyb
  3239 | D:5      | Found a staircase to the Ecumenical Temple.
  3361 | D:6      | Noticed Dowan
  3399 | D:6      | Killed Dowan
  3409 | D:6      | Reached skill level 3 in Shields
  3410 | D:6      | Reached *** piety under Trog
  3411 | D:6      | Found a hide-covered altar of Uskayaw.
  3502 | D:6      | Reached skill level 6 in Fighting
  3521 | D:6      | Reached XP level 8. HP: 35/51 MP: 8/8
  3685 | D:6      | Noticed Duvessa
  3694 | D:6      | Killed Duvessa
  3703 | D:6      | Noticed a two-headed ogre
  3715 | D:6      | Demolished by a two-headed ogre

Vault maps used:
D:1:      saegor_arrival_simple_d
D:2:      first_ration, nrook_loot_triangle, uniq_jessica
D:3:      uniq_natasha, uniq_robin
D:4:      hangedman_decor_lopped
D:5:      kb_forest_paths, minmay_temple_entry_purple_smoke, uniq_ijyb
D:6:      enter_ossuary_5, lemuel_statue_altar, uniq_duvessa

Skill      XL: |  1  2  3  4  5  6  7 |
---------------+----------------------+-----
Axes           | 3 4 5 |  5.2
Fighting       | 4 5 6 |  6.3
Armour         | 3 4 5 |  5.8
Shields        | 1 3 |  3.8
Dodging        | |  1.5

Action                   |  1- 3 |  4- 6 |  7- 9 || total
-------------------------+-------+-------+-------++-------
Melee: Hand axe          |    77 |   262 |   101 ||   440
       War axe           |       |       |    41 ||    41
Invok: Berserk           |     4 |     3 |     6 ||    13
  Use: Scroll            |       |     4 |       ||     4
  Eat: Chunk             |     4 |     9 |     8 ||    21
Armor: Animal skin       |    19 |    18 |       ||    37
       Chain mail        |       |   190 |    73 ||   263
Dodge: Dodged            |    41 |    98 |    25 ||   164
Block: Shield            |       |    84 |    66 ||   150

Table legend:
 A = Spawn XP
 B = Non-spawn XP
 C = Spawn XP percentage of total XP
 D = Spawn monster count
 E = Non-spawn monster count
 F = Spawn count percentage of total count
 G = Total turns spent on level
                    A         B        C        D         E        F      G
               +---------+---------+-------+---------+---------+-------+---------
         Total |       0 |    1494 |   0.0 |       0 |      83 |   0.0 |  3715
               +---------+---------+-------+---------+---------+-------+---------
           D:1 |       0 |      20 |   0.0 |       0 |      11 |   0.0 |   530
           D:2 |       0 |      23 |   0.0 |       0 |      10 |   0.0 |   537
           D:3 |       0 |     129 |   0.0 |       0 |      14 |   0.0 |   696
           D:4 |       0 |     276 |   0.0 |       0 |      12 |   0.0 |   615
           D:5 |       0 |     449 |   0.0 |       0 |      20 |   0.0 |   965
           D:6 |       0 |     597 |   0.0 |       0 |      16 |   0.0 |   372
               +---------+---------+-------+---------+---------+-------+---------
